 Dungeon Crawl Stone Soup version 0.24.1-8-ga250c9d538 (webtiles) character file.

Game seed: 7993488407196419832, levelgen mode: deterministic

95 lepoulpe303 the Stinger (level 4, 0/27 HPs)
             Began as an Octopode Venom Mage on May 6, 2020.
             Slain by a jackal (3 damage)
             ... on level 3 of the Dungeon.
             The game lasted 00:06:00 (1623 turns).

lepoulpe303 the Stinger (Octopode Venom Mage)       Turns: 1623, Time: 00:06:00

Health: 0/27       AC:  1    Str:  7    XL:     4   Next: 66%
Magic:  5/7        EV: 13    Int: 18    God:
Gold:   178        SH:  0    Dex: 12    Spells: 2/8 levels left

rFire    . . .     SeeInvis .   a - +2 dagger (venom)
rCold    . . .     Gourm    .   (no shield)
rNeg     . . .     Faith    .   (helmet restricted)
rPois    .         Spirit   .   (no amulet)
rElec    .         Reflect  .   (no ring)
rCorr    .         Harm     .   (no ring)
MR       .....                  (no ring)
Stlth    +++.......             (no ring)
HPRegen  0.09/turn              (no ring)
MPRegen  0.10/turn              (no ring)
                                (no ring)
                                (no ring)

@: no status effects
A: almost no armour, stealthy swim, amphibious, 8 rings, constrict 8, camouflage
1, gelatinous body 1
a: no special abilities


You were on level 3 of the Dungeon.
You were hungry.

You visited 1 branch of the dungeon, and saw 3 of its levels.

You collected 178 gold pieces.

Inventory:

Hand Weapons
 a - a +2 dagger of venom (weapon)
Missiles
 b - 2 javelins (quivered)
Jewellery
 g - a cursed -2 ring of strength {unknown}
Scrolls
 d - 3 scrolls of remove curse {unknown}
 f - a scroll of enchant armour {unknown}
 h - a scroll of random uselessness {unknown}
 i - 3 scrolls of identify
 k - a scroll of teleportation {unknown}
 m - a scroll of magic mapping {unknown}
 n - a scroll of amnesia {unknown}
Potions
 j - a potion of heal wounds {unknown}
 l - 2 potions of curing {unknown}
Comestibles
 e - 6 rations


   Skills:
 + Level 0.8 Short Blades
 + Level 2.4 Dodging
 + Level 3.3 Stealth
 * Level 2.5 Spellcasting
 * Level 2.3 Conjurations
 * Level 4.4 Poison Magic


You had 2 spell levels left.
You knew the following spells:

 Your Spells              Type           Power        Failure   Level  Hunger
a - Sting                 Conj/Pois      ##..         4%          1    #......
b - Poisonous Vapours     Pois/Air       ##....       11%         2    ##.....
x - Mephitic Cloud        Conj/Pois/Air  ##......     21%         3    ###....

Your spell library contained the following spells:

 Spells                   Type           Power        Failure   Level  Hunger
 Olgreb's Toxic Radiance  Pois           ###.....     28%         4    #####..
 Venom Bolt               Conj/Pois      ##........   75%         5    ######.


Dungeon Overview and Level Annotations

Branches:
Dungeon (3/15)

Altars:


Innate Abilities, Weirdness & Mutations

You cannot wear most types of armour.
You are very stealthy in the water. (Stealth+)
You are amphibious.
You can wear up to eight rings at the same time.
You can use your tentacles to constrict eight enemies at once.
Your skin changes colour to match your surroundings (Stealth+).
Your rubbery body absorbs attacks. (AC +1, EV +1)


Message History

You feel sick.
You take 1 damage, and have 4/27 hp.
Aim: a jackal The sting hits the jackal.
The jackal is poisoned.
You now have 6/7 mp.
The jackal barely misses you.
You feel sick.
You are no longer poisoned.
The jackal closely misses you.
You take 1 damage, and have 4/27 hp.
You barely miss the jackal. You grab the jackal. You squeeze the jackal.
You kill the jackal!
The jackal barely misses you.
You hit the jackal but do no damage. The jackal bites you.
* * * LOW HITPOINT WARNING * * *
The jackal barely misses you.
You take 1 damage, and have 3/27 hp.
Aim: a jackal The sting hits the jackal.
The jackal bites you.
You die...

..........# #.#......#
#.#### ####......##
#.######.# #.....
g.....[....# #.#...##.#
#####. #######....#
#.#.#.##.#########. #
#....# #.#.#.#............
. #....#
#.#.#.############# .
#....# #...........#...##
.#
#....######.#.#..........#
.#
####...†.h@.#.#..#.#.#...#
.# ##########.##.........#
........##.#.#.#[..#
##########.........#
#.#.#.#...## #...........
#.(.......#. ###########.
#.


You could see a jackal.

Levels and vault maps discovered:
D:1:      scummos_arrival_simple_crosswalls, layout_basic
D:2:      layout_rooms
D:3:      layout_basic, serial_glass, glass_columns_b, glass_columns_a,
          glass_columns_c, glass_columns_a

Notes
Turn   | Place    | Note
-------+----------+-------------------------------------------
     0 | D:1      | lepoulpe303 the Octopode Venom Mage began the quest for the
                  | Orb.
     0 | D:1      | Reached XP level 1. HP: 11/11 MP: 3/3
    67 | D:1      | Identified a +0 club
   126 | D:1      | Identified a +0 dagger
   129 | D:1      | Reached XP level 2. HP: 15/17 MP: 3/5
   133 | D:1      | Learned a level 2 spell: Poisonous Vapours
   186 | D:1      | Identified a cursed +0 dagger
   315 | D:1      | Identified a +0 club
   315 | D:1      | Identified a +0 leather armour
   318 | D:1      | Identified a +0 club
   319 | D:1      | Reached skill level 4 in Poison Magic
   473 | D:1      | Reached XP level 3. HP: 21/21 MP: 2/6
   478 | D:1      | Learned a level 3 spell: Mephitic Cloud
   511 | D:1      | Identified a +0 club
   525 | D:1      | Identified 2 scrolls of identify
   525 | D:1      | Identified a +2 dagger of venom (You found it on level 1 of
                  | the Dungeon)
   691 | D:1      | Reached skill level 3 in Stealth
   787 | D:2      | Identified a +0 club
   799 | D:2      | Identified a +0 short sword
   803 | D:2      | Identified a +0 club
   911 | D:2      | Identified a +0 short sword
   935 | D:2      | Identified a +0 robe
   965 | D:2      | Reached skill level 2 in Conjurations
   978 | D:2      | Reached XP level 4. HP: 26/27 MP: 0/7
  1171 | D:2      | Identified a +0 club
  1206 | D:2      | Identified a +0 club
  1612 | D:3      | HP: 5/27 [jackal (3)]
  1618 | D:3      | HP: 4/27 [poisoned by an adder]
  1623 | D:3      | Slain by a jackal

Table legend:
 A = Turns spent in this place as a percentage of turns spent in the entire game.
 B = Non-inter-level travel turns spent in this place as a percentage of non-inter-level travel turns spent in the entire game.
 C = Inter-level travel turns spent in this place as a percentage of turns spent in this place.
 D = Turns resting spent in this place as a percentage of non-inter-level travel turns spent in this place.
 E = Turns spent auto-exploring this place as a percentage of non-inter-level travel turns spent in this place.
 F = Non-inter-level travel turns spent in this place divided by the number of levels of this place that you've seen.
                   A       B       C       D       E      F
               +-------+-------+-------+-------+-------+----------------------
         Total | 100.0 | 100.0 |   1.4 |  13.4 |  62.2 | 533.3
       Dungeon | 100.0 | 100.0 |   1.4 |  13.4 |  62.2 | 533.3
               +-------+-------+-------+-------+-------+----------------------

Table legend:
 A = Kills in this place as a percentage of kills in entire the game.
 B = Kills by you in this place as a percentage of kills by you in the entire game.
 C = Kills by friends in this place as a percentage of kills by friends in the entire game.
 D = Other kills in this place as a percentage of other kills in the entire game.
 E = Experience gained in this place as a percentage of experience gained in the entire game.
 F = Experience gained in this place divided by the number of levels of this place that you have seen.
                   A       B       C       D       E      F
               +-------+-------+-------+-------+-------+----------------------
         Total | 100.0 | 100.0 |   N/A |   N/A | 100.0 |  45.7
       Dungeon | 100.0 | 100.0 |   N/A |   N/A | 100.0 |  45.7
               +-------+-------+-------+-------+-------+----------------------

Skill      XL: |  1  2  3 |
---------------+----------+-----
Poison Magic   | 4 |  4.4
Stealth        | 3 |  3.3
Conjurations   | 2 |  2.3
Short Blades   | |  0.8
Dodging        | |  2.4
Spellcasting   | |  2.5

Action                   |  1- 3 |  4- 6 || total
-------------------------+-------+-------++-------
Melee: Dagger            |    23 |    24 ||    47
       Constrict         |     8 |     4 ||    12
       Tentacles         |     2 |     4 ||     6
 Cast: Sting             |    38 |     4 ||    42
  Use: Scroll            |     1 |       ||     1
 Stab: Sleeping          |     2 |     4 ||     6
  Eat: Chunk             |     1 |     1 ||     2
Armor: Skin              |     7 |    12 ||    19
Dodge: Dodged            |    32 |    25 ||    57

Vanquished Creatures
  4 adders
  An ooze (D:2)
  2 dart slugs (D:1)
  2 leopard geckos
  An orc (D:2)
  6 bats
  3 giant cockroaches (D:1)
  5 goblins
  5 hobgoblins
  3 jackals
  9 kobolds
  6 rats
47 creatures vanquished.
